 Dungeon Crawl Stone Soup version 0.30-a0-159-g068b764562 (webtiles) character file.

Game seed: 12470756401174238178

975 qw the Chopper (level 8, 0/49 HPs)
             Began as a Gargoyle Fighter on Sept 27, 2022.
             Killed from afar by a steam dragon (21 damage)
             ... with a ball of steam
             ... on level 5 of the Dungeon.
             The game lasted 00:03:28 (5247 turns).

qw the Chopper (Gargoyle Fighter)                   Turns: 5247, Time: 00:03:28

Health: 0/49       AC: 19    Str: 27    XL:     8   Next: 16%
Magic:  8/8        EV:  7    Int: 10    God:
Gold:   229        SH:  4    Dex:  9    Spells: 7/7 levels left

rFire   . . .      SeeInvis .    Y - +1 war axe
rCold   . . .      Faith    .    c - +0 buckler
rNeg    + . .      Spirit   .    a - +0 plate armour
rPois   inf        Reflect  .    f - +0 helmet
rElec   +          Harm     .    (no cloak)
rCorr   .          Rampage  .    i - +0 pair of gloves
Will    .....                    (no boots)
Stlth   ..........               (no amulet)
HPRegen 0.16/turn                n - +6 ring of strength
MPRegen 0.11/turn                (no ring)

@: slowed, very slow
A: sickness immunity, AC +5, negative energy resistance 1, electricity
resistance, torment resistance 1, petrification resistance
a: no special abilities


You were on level 5 of the Dungeon.
You visited 1 branch of the dungeon, and saw 5 of its levels.

You collected 229 gold pieces.


Innate Abilities, Weirdness & Mutations

You are immune to sickness and miasma.
Your stone body is resilient. (AC +5)
You are immune to poison.
You resist negative energy. (rN+)
You are resistant to electric shocks. (rElec)
You are resistant to unholy torment.
You are immune to petrification.


   Skills:
 - Level 5.0 Fighting
 + Level 7.2 Axes
 - Level 1.1 Throwing
 - Level 4.0 Armour
 - Level 1.5 Dodging
 - Level 3.2 Shields


You had 7 spell levels left.
You didn't know any spells.
Your spell library was empty.

Inventory:

Hand Weapons
 m - a +3 flail
 Y - a +1 war axe (weapon)
Missiles
 b - 5 boomerangs
 k - 2 silver boomerangs (quivered)
Armour
 a - a +0 plate armour (worn)
 c - a +0 buckler (worn)
 f - a +0 helmet (worn)
 i - a +0 pair of gloves (worn)
Jewellery
 n - a +6 ring of strength (left hand)
Potions
 d - a potion of might
 e - a potion of heal wounds
 g - 2 potions of curing
 j - a potion of attraction {unknown}
 l - a potion of lignification {unknown}

Dungeon Overview and Level Annotations

Branches:
Dungeon (5/15)
 Temple: D:4-7

Altars:
Ru
Zin

Shops:
D:4 (


Message History

The vampire mosquito barely misses you. The steam dragon completely misses you.
The steam dragon closely misses you. The wraith hits you but does no damage.
The centaur is engulfed in a cloud of scalding steam.
The centaur dies!
The vampire mosquito is engulfed in a cloud of scalding steam.
The vampire mosquito barely misses you.
The steam dragon bites you but does no damage.
You block the steam dragon's attack. The wraith hits you.
The wraith drains your vigour!
You feel as though you will be slow longer.
You hit the wraith but do no damage.
The wraith is severely damaged.
You hit the steam dragon. You barely miss the vampire mosquito.
You are engulfed in a cloud of scalding steam.
The vampire mosquito bites you.
You block the vampire mosquito's attack.
The wraith hits you but does no damage. The steam dragon closely misses you.
The steam dragon claws you but does no damage.
The orc wizard is engulfed in a cloud of scalding steam.
The vampire mosquito bites you but does no damage.
The steam dragon bites you but does no damage.
The steam dragon claws you but does no damage.
The orc wizard is engulfed in a cloud of scalding steam.
The orc wizard hits you but does no damage.
The wraith hits you.
You barely miss the wraith.
The wraith is severely damaged.
You miss the vampire mosquito. You hit the orc wizard.
You hit the steam dragon.
You block the vampire mosquito's attack. x2
The vampire mosquito bites you. The wraith hits you but does no damage.
The steam dragon bites you but does no damage.
The steam dragon claws you but does no damage.
The orc wizard gestures at you while chanting.
You resist with some effort.
The vampire mosquito bites you but does no damage.
The orc wizard hits you but does no damage.
The wraith hits you but does no damage. The steam dragon breathes steam at you.
The ball of steam hits you!!
You die...

##.# ###.###...... ..#...
##...##...#..
.#.8.8.#.....#...#
...8.....#%.....#
.8.8.#.....#..#.... ..
....##...##.## . #.#
###.#####.###.#
....#..oy.#:......#
....#..W@.#.#.##.##
......!D?...#. #..#####
.##.#..!..#.# ##......#
.. #.....# #.###.)####
##..###.###...###.#...#
#...........# #..#.B.#
#.)...#..##### #..#.....
#+###.#......###..###._o#
# #.#.....[..## ....


You could see a wraith, a steam dragon (catching breath), a vampire mosquito and
an orc wizard.

Vanquished Creatures
  Grinder (D:4)
  A water moccasin (D:5)
  An ogre (D:5)
  A scorpion (D:4)
  2 jellies
  2 orc priests
  A hound (D:4)
  4 orc wizards
  An iguana (D:4)
  7 adders
  5 gnolls
  3 worms (D:2)
  3 dart slugs
  13 orcs
  5 bats
  4 endoplasms
  A giant cockroach (D:1)
  8 goblins
  7 hobgoblins
  14 jackals
  3 quokkas
  3 training dummies (D:4)
  6 ball pythons
  2 frilled lizards
  11 kobolds
  5 rats
114 creatures vanquished.

Vanquished Creatures (others)
  A centaur (D:5)
  9 plants (D:1)
  4 toadstools (D:1)
14 creatures vanquished.

Grand Total: 128 creatures vanquished

Notes
Turn   | Place    | Note
-------+----------+-------------------------------------------
     0 | D:1      | qw the Gargoyle Fighter began the quest for the Orb.
     0 | D:1      | Reached XP level 1. HP: 14/14 MP: 1/1
     0 | D:1      | 0 ||| qw: Version: 0.2-a-10-g37ed214
     0 | D:1      | 0 ||| qw: Game counter: 568
     0 | D:1      | 0 ||| qw: Always use a shield: true
     0 | D:1      | 0 ||| qw: God list: Okawaru
     0 | D:1      | 0 ||| qw: Allow faded altars: false
     0 | D:1      | 0 ||| qw: Do Orc after D:15 true
     0 | D:1      | 0 ||| qw: Do second Lair branch before Depths: true
     0 | D:1      | 0 ||| qw: Lair rune preference: random
     0 | D:1      | 0 ||| qw: Plans: Normal, Zot:1-4, God:TSO, Crypt, Tomb,
                  | Pan, Slime:5, Hells, Abyss, Orb
     0 | D:1      | 0 ||| PLANNING D:1-11
    22 | D:1      | 22 ||| Stepping randomly (stuck).
    23 | D:1      | 23 ||| Stepping randomly (stuck).
    24 | D:1      | 24 ||| Stepping randomly (stuck).
    25 | D:1      | 25 ||| Stepping randomly (stuck).
    26 | D:1      | 26 ||| Stepping randomly (stuck).
    27 | D:1      | 27 ||| Stepping randomly (stuck).
    28 | D:1      | 28 ||| Stepping randomly (stuck).
    29 | D:1      | 29 ||| Stepping randomly (stuck).
    30 | D:1      | 30 ||| Stepping randomly (stuck).
    31 | D:1      | 31 ||| Stepping randomly (stuck).
    32 | D:1      | 32 ||| Stepping randomly (stuck).
    33 | D:1      | 33 ||| Stepping randomly (stuck).
    34 | D:1      | 34 ||| Stepping randomly (stuck).
    35 | D:1      | 35 ||| Stepping randomly (stuck).
    36 | D:1      | 36 ||| Stepping randomly (stuck).
    37 | D:1      | 37 ||| Stepping randomly (stuck).
    38 | D:1      | 38 ||| Stepping randomly (stuck).
    39 | D:1      | 39 ||| Stepping randomly (stuck).
    40 | D:1      | 40 ||| Stepping randomly (stuck).
    41 | D:1      | 41 ||| Stepping randomly (stuck).
    42 | D:1      | 42 ||| Stepping randomly (stuck).
    43 | D:1      | 43 ||| Stepping randomly (stuck).
    44 | D:1      | 44 ||| Stepping randomly (stuck).
    45 | D:1      | 45 ||| Stepping randomly (stuck).
    46 | D:1      | 46 ||| Stepping randomly (stuck).
    47 | D:1      | 47 ||| Stepping randomly (stuck).
    48 | D:1      | 48 ||| Stepping randomly (stuck).
    49 | D:1      | 49 ||| Stepping randomly (stuck).
    50 | D:1      | 50 ||| Stepping randomly (stuck).
    51 | D:1      | 51 ||| Stepping randomly (stuck).
    52 | D:1      | 52 ||| Stepping randomly (stuck).
    53 | D:1      | 53 ||| Stepping randomly (stuck).
    54 | D:1      | 54 ||| Stepping randomly (stuck).
    55 | D:1      | 55 ||| Stepping randomly (stuck).
    56 | D:1      | 56 ||| Stepping randomly (stuck).
    57 | D:1      | 57 ||| Stepping randomly (stuck).
    58 | D:1      | 58 ||| Stepping randomly (stuck).
    59 | D:1      | 59 ||| Stepping randomly (stuck).
    60 | D:1      | 60 ||| Stepping randomly (stuck).
    61 | D:1      | 61 ||| Stepping randomly (stuck).
    62 | D:1      | 62 ||| Stepping randomly (stuck).
    63 | D:1      | 63 ||| Stepping randomly (stuck).
    64 | D:1      | 64 ||| Stepping randomly (stuck).
    65 | D:1      | 65 ||| Stepping randomly (stuck).
    66 | D:1      | 66 ||| Stepping randomly (stuck).
    67 | D:1      | 67 ||| Stepping randomly (stuck).
    68 | D:1      | 68 ||| Stepping randomly (stuck).
    69 | D:1      | 69 ||| Stepping randomly (stuck).
    70 | D:1      | 70 ||| Stepping randomly (stuck).
    71 | D:1      | 71 ||| Stepping randomly (stuck).
    72 | D:1      | 72 ||| Stepping randomly (stuck).
    73 | D:1      | 73 ||| Stepping randomly (stuck).
    74 | D:1      | 74 ||| Stepping randomly (stuck).
    75 | D:1      | 75 ||| Stepping randomly (stuck).
    76 | D:1      | 76 ||| Stepping randomly (stuck).
    77 | D:1      | 77 ||| Stepping randomly (stuck).
    78 | D:1      | 78 ||| Stepping randomly (stuck).
    79 | D:1      | 79 ||| Stepping randomly (stuck).
    80 | D:1      | 80 ||| Stepping randomly (stuck).
    81 | D:1      | 81 ||| Stepping randomly (stuck).
    82 | D:1      | 82 ||| Stepping randomly (stuck).
    83 | D:1      | 83 ||| Stepping randomly (stuck).
    84 | D:1      | 84 ||| Stepping randomly (stuck).
    85 | D:1      | 85 ||| Stepping randomly (stuck).
    86 | D:1      | 86 ||| Stepping randomly (stuck).
    87 | D:1      | 87 ||| Stepping randomly (stuck).
    88 | D:1      | 88 ||| Stepping randomly (stuck).
    89 | D:1      | 89 ||| Stepping randomly (stuck).
    90 | D:1      | 90 ||| Stepping randomly (stuck).
    91 | D:1      | 91 ||| Stepping randomly (stuck).
    92 | D:1      | 92 ||| Stepping randomly (stuck).
    93 | D:1      | 93 ||| Stepping randomly (stuck).
    94 | D:1      | 94 ||| Stepping randomly (stuck).
    95 | D:1      | 95 ||| Stepping randomly (stuck).
    96 | D:1      | 96 ||| Stepping randomly (stuck).
    97 | D:1      | 97 ||| Stepping randomly (stuck).
    98 | D:1      | 98 ||| Stepping randomly (stuck).
    99 | D:1      | 99 ||| Stepping randomly (stuck).
   100 | D:1      | 100 ||| Stepping randomly (stuck).
   101 | D:1      | 101 ||| Stepping randomly (stuck).
   102 | D:1      | 102 ||| Stepping randomly (stuck).
   103 | D:1      | 103 ||| Stepping randomly (stuck).
   104 | D:1      | 104 ||| Stepping randomly (stuck).
   105 | D:1      | 105 ||| Stepping randomly (stuck).
   106 | D:1      | 106 ||| Stepping randomly (stuck).
   107 | D:1      | 107 ||| Stepping randomly (stuck).
   108 | D:1      | 108 ||| Stepping randomly (stuck).
   109 | D:1      | 109 ||| Stepping randomly (stuck).
   110 | D:1      | 110 ||| Stepping randomly (stuck).
   111 | D:1      | 111 ||| Stepping randomly (stuck).
   112 | D:1      | 112 ||| Stepping randomly (stuck).
   113 | D:1      | 113 ||| Stepping randomly (stuck).
   114 | D:1      | 114 ||| Stepping randomly (stuck).
   115 | D:1      | 115 ||| Stepping randomly (stuck).
   116 | D:1      | 116 ||| Stepping randomly (stuck).
   117 | D:1      | 117 ||| Stepping randomly (stuck).
   118 | D:1      | 118 ||| Stepping randomly (stuck).
   119 | D:1      | 119 ||| Stepping randomly (stuck).
   120 | D:1      | 120 ||| Stepping randomly (stuck).
   121 | D:1      | 121 ||| Stepping randomly (stuck).
   122 | D:1      | 122 ||| Stepping randomly (stuck).
   123 | D:1      | 123 ||| Stepping randomly (stuck).
   124 | D:1      | 124 ||| Stepping randomly (stuck).
   125 | D:1      | 125 ||| Stepping randomly (stuck).
   126 | D:1      | 126 ||| Stepping randomly (stuck).
   127 | D:1      | 127 ||| Stepping randomly (stuck).
   128 | D:1      | 128 ||| Stepping randomly (stuck).
   129 | D:1      | 129 ||| Stepping randomly (stuck).
   130 | D:1      | 130 ||| Stepping randomly (stuck).
   131 | D:1      | 131 ||| Stepping randomly (stuck).
   132 | D:1      | 132 ||| Stepping randomly (stuck).
   133 | D:1      | 133 ||| Stepping randomly (stuck).
   134 | D:1      | 134 ||| Stepping randomly (stuck).
   135 | D:1      | 135 ||| Stepping randomly (stuck).
   136 | D:1      | 136 ||| Stepping randomly (stuck).
   137 | D:1      | 137 ||| Stepping randomly (stuck).
   138 | D:1      | 138 ||| Stepping randomly (stuck).
   139 | D:1      | 139 ||| Stepping randomly (stuck).
   140 | D:1      | 140 ||| Stepping randomly (stuck).
   141 | D:1      | 141 ||| Stepping randomly (stuck).
   142 | D:1      | 142 ||| Stepping randomly (stuck).
   143 | D:1      | 143 ||| Stepping randomly (stuck).
   144 | D:1      | 144 ||| Stepping randomly (stuck).
   145 | D:1      | 145 ||| Stepping randomly (stuck).
   146 | D:1      | 146 ||| Stepping randomly (stuck).
   147 | D:1      | 147 ||| Stepping randomly (stuck).
   148 | D:1      | 148 ||| Stepping randomly (stuck).
   149 | D:1      | 149 ||| Stepping randomly (stuck).
   150 | D:1      | 150 ||| Stepping randomly (stuck).
   151 | D:1      | 151 ||| Stepping randomly (stuck).
   152 | D:1      | 152 ||| Stepping randomly (stuck).
   153 | D:1      | 153 ||| Stepping randomly (stuck).
   154 | D:1      | 154 ||| Stepping randomly (stuck).
   155 | D:1      | 155 ||| Stepping randomly (stuck).
   156 | D:1      | 156 ||| Stepping randomly (stuck).
   157 | D:1      | 157 ||| Stepping randomly (stuck).
   158 | D:1      | 158 ||| Stepping randomly (stuck).
   159 | D:1      | 159 ||| Stepping randomly (stuck).
   160 | D:1      | 160 ||| Stepping randomly (stuck).
   161 | D:1      | 161 ||| Stepping randomly (stuck).
   162 | D:1      | 162 ||| Stepping randomly (stuck).
   163 | D:1      | 163 ||| Stepping randomly (stuck).
   164 | D:1      | 164 ||| Stepping randomly (stuck).
   165 | D:1      | 165 ||| Stepping randomly (stuck).
   166 | D:1      | 166 ||| Stepping randomly (stuck).
   167 | D:1      | 167 ||| Stepping randomly (stuck).
   168 | D:1      | 168 ||| Stepping randomly (stuck).
   169 | D:1      | 169 ||| Stepping randomly (stuck).
   170 | D:1      | 170 ||| Stepping randomly (stuck).
   171 | D:1      | 171 ||| Stepping randomly (stuck).
   172 | D:1      | 172 ||| Stepping randomly (stuck).
   173 | D:1      | 173 ||| Stepping randomly (stuck).
   174 | D:1      | 174 ||| Stepping randomly (stuck).
   175 | D:1      | 175 ||| Stepping randomly (stuck).
   176 | D:1      | 176 ||| Stepping randomly (stuck).
   177 | D:1      | 177 ||| Stepping randomly (stuck).
   178 | D:1      | 178 ||| Stepping randomly (stuck).
   179 | D:1      | 179 ||| Stepping randomly (stuck).
   180 | D:1      | 180 ||| Stepping randomly (stuck).
   181 | D:1      | 181 ||| Stepping randomly (stuck).
   182 | D:1      | 182 ||| Stepping randomly (stuck).
   183 | D:1      | 183 ||| Stepping randomly (stuck).
   184 | D:1      | 184 ||| Stepping randomly (stuck).
   185 | D:1      | 185 ||| Stepping randomly (stuck).
   186 | D:1      | 186 ||| Stepping randomly (stuck).
   187 | D:1      | 187 ||| Stepping randomly (stuck).
   188 | D:1      | 188 ||| Stepping randomly (stuck).
   189 | D:1      | 189 ||| Stepping randomly (stuck).
   190 | D:1      | 190 ||| Stepping randomly (stuck).
   191 | D:1      | 191 ||| Stepping randomly (stuck).
   192 | D:1      | 192 ||| Stepping randomly (stuck).
   193 | D:1      | 193 ||| Stepping randomly (stuck).
   194 | D:1      | 194 ||| Stepping randomly (stuck).
   195 | D:1      | 195 ||| Stepping randomly (stuck).
   196 | D:1      | 196 ||| Stepping randomly (stuck).
   197 | D:1      | 197 ||| Stepping randomly (stuck).
   198 | D:1      | 198 ||| Stepping randomly (stuck).
   199 | D:1      | 199 ||| Stepping randomly (stuck).
   200 | D:1      | 200 ||| Stepping randomly (stuck).
   201 | D:1      | 201 ||| Stepping randomly (stuck).
   202 | D:1      | 202 ||| Stepping randomly (stuck).
   203 | D:1      | 203 ||| Stepping randomly (stuck).
   204 | D:1      | 204 ||| Stepping randomly (stuck).
   205 | D:1      | 205 ||| Stepping randomly (stuck).
   206 | D:1      | 206 ||| Stepping randomly (stuck).
   207 | D:1      | 207 ||| Stepping randomly (stuck).
   208 | D:1      | 208 ||| Stepping randomly (stuck).
   209 | D:1      | 209 ||| Stepping randomly (stuck).
   210 | D:1      | 210 ||| Stepping randomly (stuck).
   211 | D:1      | 211 ||| Stepping randomly (stuck).
   212 | D:1      | 212 ||| Stepping randomly (stuck).
   213 | D:1      | 213 ||| Stepping randomly (stuck).
   214 | D:1      | 214 ||| Stepping randomly (stuck).
   215 | D:1      | 215 ||| Stepping randomly (stuck).
   216 | D:1      | 216 ||| Stepping randomly (stuck).
   217 | D:1      | 217 ||| Stepping randomly (stuck).
   218 | D:1      | 218 ||| Stepping randomly (stuck).
   219 | D:1      | 219 ||| Stepping randomly (stuck).
   220 | D:1      | 220 ||| Stepping randomly (stuck).
   310 | D:1      | 310 ||| Stepping ~*~*~tactically~*~*~ (hiding).
   318 | D:1      | Reached skill level 2 in Axes
   445 | D:1      | 445 ||| Stepping ~*~*~tactically~*~*~ (stealth).
   452 | D:1      | Reached XP level 2. HP: 19/19 MP: 2/2
   629 | D:1      | Reached skill level 3 in Axes
   664 | D:2      | Reached XP level 3. HP: 23/23 MP: 3/3
   760 | D:2      | 760 ||| Stepping ~*~*~tactically~*~*~ (stealth).
   761 | D:2      | 761 ||| Stepping ~*~*~tactically~*~*~ (stealth).
   798 | D:2      | 798 ||| Stepping ~*~*~tactically~*~*~ (stealth).
   800 | D:2      | 800 ||| Stepping ~*~*~tactically~*~*~ (stealth).
   802 | D:2      | 802 ||| Stepping ~*~*~tactically~*~*~ (stealth).
   807 | D:2      | 807 ||| Stepping ~*~*~tactically~*~*~ (stealth).
   837 | D:2      | 837 ||| Stepping ~*~*~tactically~*~*~ (stealth).
   858 | D:2      | 858 ||| Stepping ~*~*~tactically~*~*~ (stealth).
   864 | D:2      | HP: 5/23 [worm (8)]
   867 | D:2      | Reached XP level 4. HP: 7/28 MP: 4/4
   953 | D:2      | 953 ||| Stepping ~*~*~tactically~*~*~ (stealth).
   957 | D:2      | 957 ||| Stepping ~*~*~tactically~*~*~ (stealth).
   994 | D:2      | 994 ||| Stepping ~*~*~tactically~*~*~ (stealth).
   996 | D:2      | 996 ||| Stepping ~*~*~tactically~*~*~ (stealth).
  1272 | D:2      | Reached skill level 4 in Axes
  1455 | D:2      | 1455 ||| Stepping ~*~*~tactically~*~*~ (stealth).
  1615 | D:2      | 1615 ||| DROPPING ring of flight.
  1616 | D:2      | 1616 ||| READING 2 scrolls labelled FAEMUE MAHEG.
  1617 | D:2      | 1617 ||| READING 2 scrolls labelled KUPOSAISSUJ.
  1618 | D:2      | 1618 ||| READING scroll labelled PEDIUCWEXKI.
  1619 | D:2      | 1619 ||| DROPPING scroll of fear.
  1620 | D:2      | 1620 ||| DROPPING scroll of blinking.
  1668 | D:2      | 1668 ||| STAIRDANCE
  1672 | D:2      | 1672 ||| STAIRDANCE
  1676 | D:2      | 1676 ||| STAIRDANCE
  1680 | D:2      | 1680 ||| STAIRDANCE
  1684 | D:2      | 1684 ||| STAIRDANCE
  1688 | D:2      | 1688 ||| STAIRDANCE
  1692 | D:2      | 1692 ||| STAIRDANCE
  1696 | D:2      | 1696 ||| STAIRDANCE
  1700 | D:2      | 1700 ||| STAIRDANCE
  1704 | D:2      | 1704 ||| STAIRDANCE
  1708 | D:2      | 1708 ||| STAIRDANCE
  1712 | D:2      | 1712 ||| STAIRDANCE
  1716 | D:2      | 1716 ||| STAIRDANCE
  1720 | D:2      | 1720 ||| STAIRDANCE
  1724 | D:2      | 1724 ||| STAIRDANCE
  1728 | D:2      | 1728 ||| STAIRDANCE
  1732 | D:2      | 1732 ||| STAIRDANCE
  1736 | D:2      | 1736 ||| STAIRDANCE
  1740 | D:2      | 1740 ||| STAIRDANCE
  1744 | D:2      | 1744 ||| STAIRDANCE
  2226 | D:1      | Found a faded altar of an unknown god.
  2362 | D:1      | 2362 ||| UPGRADING to +0 plate armour.
  2372 | D:1      | 2372 ||| DROPPING +0 scale mail.
  2594 | D:3      | 2594 ||| Stepping ~*~*~tactically~*~*~ (stealth).
  2595 | D:3      | 2595 ||| Stepping ~*~*~tactically~*~*~ (stealth).
  2627 | D:3      | Reached XP level 5. HP: 32/32 MP: 5/5
  2742 | D:3      | 2742 ||| Stepping ~*~*~tactically~*~*~ (hiding).
  3006 | D:3      | 3006 ||| DROPPING +0 flail.
  3364 | D:3      | 3364 ||| Stepping ~*~*~tactically~*~*~ (hiding).
  3372 | D:3      | Reached skill level 5 in Axes
  3383 | D:3      | Reached skill level 1 in Throwing
  3552 | D:3      | 3552 ||| UPGRADING to +0 helmet.
  3557 | D:3      | 3557 ||| READING 2 scrolls labelled MASTRE EGOI.
  3558 | D:3      | 3558 ||| READING scroll labelled SYERPHAGALI.
  3559 | D:3      | 3559 ||| READING scroll labelled ZAIPNU EFRAF.
  3560 | D:3      | 3560 ||| READING scroll labelled DORHACKYVO.
  3561 | D:3      | 3561 ||| READING scroll labelled IXTUGOEJ LIATO.
  3566 | D:3      | 3566 ||| DRINKING 3 black potions.
  3567 | D:3      | 3567 ||| DROPPING scroll of immolation.
  3650 | D:4      | 3650 ||| Stepping ~*~*~tactically~*~*~ (stealth).
  3652 | D:4      | 3652 ||| Stepping ~*~*~tactically~*~*~ (stealth).
  3657 | D:4      | 3657 ||| Stepping ~*~*~tactically~*~*~ (stealth).
  3762 | D:4      | Reached XP level 6. HP: 38/38 MP: 6/6
  3965 | D:4      | Found Ytues's Firing Range.
  3978 | D:4      | HP: 7/38 [orc wizard/+0 dagger (3)]
  3979 | D:4      | 3979 ||| DRINKING 4 potions of heal wounds.
  3981 | D:4      | Reached skill level 6 in Axes
  4099 | D:4      | Reached XP level 7. HP: 43/43 MP: 7/7
  4339 | D:4      | 4339 ||| Stepping ~*~*~tactically~*~*~ (hiding).
  4381 | D:4      | 4381 ||| FLEEEEING.
  4382 | D:4      | 4382 ||| FLEEEEING.
  4542 | D:4      | Found a glowing silver altar of Zin.
  4806 | D:4      | Noticed Grinder
  4810 | D:4      | Paralysed by Grinder for 3 turns
  4823 | D:4      | 4823 ||| Stepping ~*~*~tactically~*~*~ (hiding).
  4824 | D:4      | 4824 ||| Stepping ~*~*~tactically~*~*~ (hiding).
  4829 | D:4      | Paralysed by Grinder for 3 turns
  4836 | D:4      | 4836 ||| Stepping ~*~*~tactically~*~*~ (hiding).
  4849 | D:4      | 4849 ||| Stepping ~*~*~tactically~*~*~ (hiding).
  4860 | D:4      | Killed Grinder
  4978 | D:4      | Reached skill level 7 in Axes
  4984 | D:4      | 4984 ||| UPGRADING to +0 pair of gloves.
  4989 | D:4      | 4989 ||| UPGRADING to +6 ring of strength.
  4990 | D:4      | 4990 ||| READING scroll labelled OZXIRH ZYTI.
  4991 | D:4      | 4991 ||| READING scroll labelled BOYNEA NOEDDA.
  4992 | D:4      | 4992 ||| DRINKING 3 cyan potions.
  5017 | D:5      | Entered Level 5 of the Dungeon
  5032 | D:5      | Reached skill level 1 in Dodging
  5075 | D:5      | 5075 ||| Stepping ~*~*~tactically~*~*~ (stealth).
  5083 | D:5      | Reached XP level 8. HP: 48/48 MP: 8/8
  5095 | D:5      | Found a sacrificial altar of Ru.
  5097 | D:5      | 5097 ||| Stepping ~*~*~tactically~*~*~ (hiding).
  5227 | D:5      | Noticed a wraith
  5229 | D:5      | 5229 ||| Stepping ~*~*~tactically~*~*~ (hiding).
  5230 | D:5      | 5230 ||| Stepping ~*~*~tactically~*~*~ (hiding).
  5231 | D:5      | 5231 ||| Stepping ~*~*~tactically~*~*~ (hiding).
  5233 | D:5      | 5233 ||| Stepping ~*~*~tactically~*~*~ (hiding).
  5240 | D:5      | HP: 10/49 [steam dragon (5)]
  5240 | D:5      | HP: 4/49 [steam dragon (3)]
  5241 | D:5      | 5241 ||| DRINKING 3 potions of heal wounds.
  5243 | D:5      | 5243 ||| DRINKING 2 potions of heal wounds.
  5247 | D:5      | Killed from afar by a steam dragon

Levels and vault maps discovered:
D:1:      ldierk_water_garden, layout_basic,
          shapermc_ecumenical_altar_mp_vishouse, nicolae_grassy_gnolls
D:2:      layout_basic, minmay_misc_feat_encased
D:3:      layout_basic
D:4:      layout_loops_corners, mainiacjoe_overflow_small_starburst,
          nicolae_shop_firing_range, uniq_grinder
D:5:      layout_basic, nicolae_ru_great_annihilating_truth,
          minmay_chambers_of_fives

Skill      XL: |  1  2  3  4  5  6  7  8 |
---------------+-------------------------+-----
Axes           | 2 3 4 5 6 7 |  7.2
Throwing       | 1 |  1.1
Fighting       | 4 5 |  5.0
Armour         | 4 |  4.0
Dodging        | 1 |  1.5
Shields        | |  3.2

Action                   |  1- 3 |  4- 6 |  7- 9 || total
-------------------------+-------+-------+-------++-------
Melee: War axe           |    77 |   194 |   100 ||   371
Throw: Boomerang         |       |    45 |    18 ||    63
  Use: Scroll            |       |     8 |     2 ||    10
       Potion            |       |     2 |     3 ||     5
Armor: Scale mail        |    32 |    39 |       ||    71
       Plate armour      |       |    97 |   134 ||   231
Dodge: Dodged            |    26 |    60 |    52 ||   138
Block: Buckler           |    11 |    35 |    34 ||    80

Table legend:
 A = Non-vault XP
 B = Vault XP
 C = Vault XP percentage of total XP
 D = Non-vault monster count
 E = Vault monster count
 F = Vault count percentage of total count
                 A         B        C        D         E       F
            +---------+---------+-------+---------+---------+-------
      Total |    1026 |     368 |  26.4 |     108 |       7 |   6.1
            +---------+---------+-------+---------+---------+-------
        D:1 |      31 |      13 |  29.5 |      19 |       1 |   5.0
        D:2 |      81 |       0 |   0.0 |      25 |       0 |   0.0
        D:3 |     176 |       0 |   0.0 |      33 |       0 |   0.0
        D:4 |     426 |     273 |  39.1 |      28 |       4 |  12.5
        D:5 |     312 |      82 |  20.8 |       3 |       2 |  40.0
            +---------+---------+-------+---------+---------+-------
